 Dungeon Crawl Stone Soup version 0.28-a0-8-g6e044cfa68 (webtiles) character file.

Game seed: 1070953526570185335

58 tilp the Scratcher (level 3, 16/16 HPs)
             Began as a Felid Hedge Wizard on July 23, 2021.
             Quit the game on level 3 of the Dungeon.
             The game lasted 00:05:49 (3954 turns).

tilp the Scratcher (Felid Hedge Wizard)             Turns: 3954, Time: 00:05:49

Health: 16/16      AC:  1    Str:  6    XL:     3   Next: 75%
Magic:  8/8        EV: 17    Int: 16    God:
Gold:   111        SH:  0    Dex: 15    Spells: 3/8 levels left
                                        Lives:  0   Deaths: 1

rFire   . . .      SeeInvis +     - Unarmed
rCold   . . .      Faith    .   (shield unavailable)
rNeg    . . .      Spirit   .   (armour unavailable)
rPois   .          Reflect  .   (helmet unavailable)
rElec   .          Harm     .   (cloak unavailable)
rCorr   .          Rampage  .   (gloves unavailable)
Will    .....                   (boots unavailable)
Stlth   ++........              (no amulet)
HPRegen 0.05/turn               (no ring)
MPRegen 0.11/turn               (no ring)

@: quick
A: very small, claws 1, fangs 3, see invisible, speed 1, shaggy fur 1, stealthy
paws, no weapons or thrown items, no armour, multi-lived
a: no special abilities


You were on level 3 of the Dungeon.
You visited 1 branch of the dungeon, and saw 3 of its levels.

You collected 111 gold pieces.

Inventory:

Scrolls
 c - a scroll of magic mapping {unknown}
 e - a scroll of teleportation
Potions
 a - a potion of lignification {unknown}
 b - a potion of brilliance {unknown}


   Skills:
 - Level 2.0 Fighting
 - Level 2.6 Dodging
 - Level 2.6 Stealth
 * Level 3.4 Unarmed Combat
 - Level 3.0 Spellcasting
 - Level 0.8 Conjurations
 - Level 1.0 Summonings
 - Level 1.5 Translocations


You had 3 spell levels left.
You knew the following spells:

 Your Spells              Type           Power      Damage    Failure   Level
a - Magic Dart            Conj           20%        1d4       13%         1
b - Call Imp              Summ           5%         N/A       19%         2
c - Blink                 Tloc           N/A        N/A       16%         2

Your spell library contained the following spells:

 Spells                   Type           Power      Damage    Failure   Level
 Sandblast                Erth           4%         2d4       19%         1
 Passwall                 Tmut/Erth      1%         N/A       28%         2
 Slow                     Hex            2%         N/A       28%         2
 Conjure Flame            Conj/Fire      3%         6-21      43%         3
 Mephitic Cloud           Conj/Pois/Air  3%         N/A       45%         3
 Lee's Rapid Deconstruct  Erth           1%         3d5*      99%         5


Dungeon Overview and Level Annotations

Branches:
Dungeon (3/15)

Altars:


Innate Abilities, Weirdness & Mutations

You have sharp claws.
You have razor-sharp teeth.
You have supernaturally acute eyesight. (SInv)
You cover ground quickly. (Speed+)
You are covered in fur. (AC +1)
Your paws help you pounce on unaware monsters.
You are incapable of wielding weapons or throwing items.
You cannot wear armour.
You gain extra lives every three experience levels.


Message History

The giant cockroach misses you.
You scratch the giant cockroach.
The giant cockroach is moderately wounded.
The giant cockroach misses you.
You scratch the giant cockroach.
You kill the giant cockroach!
No target in view!
Magic restored.
c - a scroll labelled DEH GU HATYSS A kobold comes into view.
It is wielding a +0 club.
A kobold is nearby!
A kobold is nearby!
A kobold is nearby!
The kobold shouts!
The kobold closely misses you.
You scratch the kobold.
The kobold is severely wounded.
The kobold completely misses you.
You scratch the kobold.
You kill the kobold!
Items here: $ ( ) ††.
The ball python hisses angrily.
You scratch the ball python.
The ball python is moderately wounded.
The ball python completely misses you. The ball python grabs you.
The ball python constricts you.
You scratch the ball python.
You kill the ball python!
No target in view!
No target in view!
You now have 106 gold pieces (gained 10).
Items here: ( ) ††.
You now have 111 gold pieces (gained 5).
Items here: ( ) ††.
There is a stone staircase leading up here.
Found 18 stones.
A goblin is nearby!
A goblin is nearby!
A goblin is nearby!
Are you sure you want to abandon this character and quit the game? (Confirm with "yes".)

..... ..... #########
.g..##........
#............
...#........ #.#......!.
#....>..... #..@...!...
##<#........
#############..###...###
.>...##.....#.## ##....
............)†# #(.
..............# #
......<.......###
..................
..............####


You could see a goblin (wandering).

Vanquished Creatures
  Jessica (D:2)
  An adder (D:2)
  2 dart slugs
  4 bats
  3 endoplasms
  3 giant cockroaches
  5 goblins
  2 hobgoblins
  7 jackals (D:1)
  A quokka (D:3)
  10 ball pythons
  2 frilled lizards
  6 kobolds
  5 rats
52 creatures vanquished.

Vanquished Creatures (collateral kills)
  An adder (D:2)
  An endoplasm (D:2)
  2 hobgoblins (D:1)
  2 rats (D:2)
6 creatures vanquished.

Grand Total: 58 creatures vanquished

Notes
Turn   | Place    | Note
-------+----------+-------------------------------------------
     0 | D:1      | tilp the Felid Hedge Wizard began the quest for the Orb.
     0 | D:1      | Reached XP level 1. HP: 7/7 MP: 5/5
   244 | D:1      | Reached skill level 1 in Unarmed Combat
   310 | D:1      | Reached XP level 2. HP: 12/12 MP: 0/7
   313 | D:1      | Learned a level 2 spell: Call Imp
   316 | D:1      | Learned a level 2 spell: Blink
   979 | D:1      | Reached skill level 1 in Fighting
  1944 | D:2      | Reached XP level 3. HP: 5/15 MP: 2/8
  3183 | D:3      | Noticed Jessica
  3227 | D:2      | Reached XP level 4. HP: 8/19 MP: 1/9
  3619 | D:2      | Slain by Jessica
  3620 | D:2      | Reached XP level 3. HP: -1/16 MP: 1/8
  3628 | D:2      | Killed Jessica
  3954 | D:3      | Quit the game

Illustrated notes

Levels and vault maps discovered:
D:1:      nzn_arrival_crosshair, layout_basic, minmay_misc_feat_ornament,
          minmay_pentomino_p4
D:2:      layout_rooms, minmay_indecisive_spiral
D:3:      layout_rooms, uniq_grinder, uniq_jessica, uniq_ijyb, uniq_sigmund

Skill      XL: |  1  2  3 |
---------------+----------+-----
Unarmed Combat | 1 2 3 |  3.4
Fighting       | 1 2 |  2.0
Dodging        | |  2.6
Stealth        | |  2.6
Spellcasting   | |  3.0
Conjurations   | |  0.8
Summonings     | |  1.0
Translocations | |  1.5

Action                   |  1- 3 |  4- 6 || total
-------------------------+-------+-------++-------
Melee: Unarmed           |    80 |     2 ||    82
       Bite              |     8 |     1 ||     9
 Cast: Magic Dart        |    96 |     4 ||   100
       Call Imp          |     5 |     2 ||     7
       Blink             |     4 |     1 ||     5
  Use: Scroll            |     4 |       ||     4
 Stab: Sleeping          |     2 |       ||     2
Armor: Skin              |     7 |     1 ||     8
Dodge: Dodged            |    74 |     9 ||    83

Table legend: (Time is in decaauts)
 A = Elapsed time spent in this place.
 B = Non-inter-level travel time spent in this place.
 C = Inter-level travel time spent in this place.
 D = Time resting spent in this place.
 E = Time spent auto-exploring this place.
 F = Levels seen in this place.
 G = Mean time per level.
                   A        B        C        D        E       F      G
               +--------+--------+--------+--------+--------+-----+--------+
         Total |   3657 |   3498 |    159 |   1806 |   1199 |   3 | 1219.0 |
       Dungeon |   3657 |   3498 |    159 |   1806 |   1199 |   3 | 1219.0 |
               +--------+--------+--------+--------+--------+-----+--------+

Top non-repeatable levels by time:
     D:1: 2331 daAuts
     D:2: 1203 daAuts
     D:3: 123 daAuts
